 Dungeon Crawl Stone Soup version 0.25.1-2-g60ff931df9 (webtiles) character file.

Game seed: 17469460237153638698

28 raphialitos the Grave Robber (level 2, 0/15 HPs)
             Began as a Deep Elf Necromancer on Oct 26, 2020.
             Slain by a bat (1 damage)
             ... on level 1 of the Dungeon on Oct 27, 2020.
             The game lasted 00:04:34 (1056 turns).

raphialitos the Grave Robber (Deep Elf Necromancer) Turns: 1056, Time: 00:04:34

Health: 0/15       AC:  2    Str:  5    XL:     2   Next: 96%
Magic:  5/8        EV: 13    Int: 19    God:
Gold:   18         SH:  0    Dex: 15    Spells: 5/7 levels left

rFire    . . .     SeeInvis .   h - +1 dagger (venom)
rCold    . . .     Gourm    .   (no shield)
rNeg     . . .     Faith    .   a - +0 robe
rPois    .         Spirit   .   (no helmet)
rElec    .         Reflect  .   (no cloak)
rCorr    .         Harm     .   (no gloves)
MR       .....                  (no boots)
Stlth    ++........             (no amulet)
HPRegen  0.05/turn              (no ring)
MPRegen  0.11/turn              (no ring)

@: no status effects
A: no striking features
a: no special abilities


You were on level 1 of the Dungeon.
You were not hungry.

You visited 1 branch of the dungeon, and saw 1 of its levels.

You collected 18 gold pieces.

Inventory:

Hand Weapons
 h - a +1 dagger of venom (weapon)
Missiles
 b - 27 poisoned darts (quivered)
 g - 18 arrows
Armour
 a - a +0 robe (worn)
Scrolls
 e - 2 scrolls of identify {unknown}
 f - a scroll of remove curse {unknown}
 i - a scroll of fear {unknown}
Comestibles
 c - a ration
 d - a chunk of flesh


   Skills:
 + Level 0.2 Short Blades
 + Level 2.5 Dodging
 + Level 3.2 Stealth
 + Level 3.2 Spellcasting
 + Level 5.4 Necromancy


You had 5 spell levels left.
You knew the following spells:

 Your Spells              Type           Power        Failure   Level  Hunger
a - Pain                  Necr           ###.         1%          1    None
b - Animate Skeleton      Necr           N/A          1%          1    None

Your spell library contained the following spells:

 Spells                   Type           Power        Failure   Level  Hunger
 Vampiric Draining        Necr           ###.......   4%          3    ###....
 Animate Dead             Necr           N/A          16%         4    ####...
 Agony                    Necr           ###.....     41%         5    ######.


Dungeon Overview and Level Annotations

Branches:
Dungeon (1/15)

Altars:


Message History

Press: ? - help, Shift-Dir - straight line, f/p - goblin
Aim: a goblin, wielding a +0 dagger (severely wounded, chance to defeat MR: 92%)
The goblin writhes in agony.
You kill the goblin!
The bat barely misses you. The hobgoblin misses you.
The bat hits your rat skeleton. The bat misses you.
The bat barely misses your rat skeleton.
Casting: Pain (safe; 1% risk of failure)
Confirm with . or Enter, or press ? or * to list all spells.
Aiming: Pain (safe; 1% risk of failure)
Press: ? - help, Shift-Dir - straight line, f - hobgoblin
Aim: a hobgoblin (chance to defeat MR: 92%)
The hobgoblin writhes in agony.
You kill the hobgoblin!
The bat hits you but does no damage.
Your rat skeleton completely misses the bat.
Your magical contamination has completely faded away.
The bat misses you. The bat hits you.
You die...

#....=.(..# #..#.# #....#.#...
#.........# #..#.# ###..######
#.........###..#.# #...##...
#..............#.#######..##...
#.........##...............###.
#.......!.####...#...........##
#.........######...............
#...........Z.....#............
##.........)†b@.###............
##.............# #.........#..
####.......!......######.....
#..........############...
#..........# #......##...
############ #..........#
#......#..## #......#.###
#...........


You could see a bat and a friendly rat skeleton.

Vanquished Creatures
  An ooze (D:1)
  A dart slug (D:1)
  3 bats (D:1)
  3 giant cockroaches (D:1)
  2 goblins (D:1)
  2 hobgoblins (D:1)
  A frilled lizard (D:1)
  3 kobolds (D:1)
  2 rats (D:1)
18 creatures vanquished.

Vanquished Creatures (collateral kills)
  A hobgoblin (D:1)
  A frilled lizard (D:1)
2 creatures vanquished.

Grand Total: 20 creatures vanquished

Notes
Turn   | Place    | Note
-------+----------+-------------------------------------------
     0 | D:1      | raphialitos the Deep Elf Necromancer began the quest for
                  | the Orb.
     0 | D:1      | Reached XP level 1. HP: 10/10 MP: 6/6
     2 | D:1      | Learned a level 1 spell: Animate Skeleton
    23 | D:1      | Reached skill level 5 in Necromancy
   411 | D:1      | Reached XP level 2. HP: 13/15 MP: 5/8
  1056 | D:1      | Slain by a bat

Illustrated notes

Levels and vault maps discovered:
D:1:      lordsloth_arrival_two_stooges, layout_rooms

Skill      XL: |  1  2 |
---------------+-------+-----
Necromancy     | 5 |  5.4
Stealth        | 3 |  3.2
Short Blades   | |  0.2
Dodging        | |  2.5
Spellcasting   | |  3.2

Action                   || total
-------------------------++-------
Melee: Unarmed           ||     6
       Dagger            ||    13
Throw: Dart              ||     2
 Cast: Pain              ||    24
       Animate Skeleton  ||     6
  Use: Potion            ||     1
 Stab: Sleeping          ||     4
Armor: Robe              ||    18
Dodge: Dodged            ||    46
